 Dungeon Crawl Stone Soup version 0.30-a0-140-gd1020e658a (webtiles) character file.

Game seed: 17366979304960696704

1049 qw the Cleaver (level 8, -6/49 HPs)
             Began as a Gargoyle Fighter on Sept 24, 2022.
             Mangled by an ogre
             ... wielding a +0 giant club
              (10 damage)
             ... on level 6 of the Dungeon.
             The game lasted 00:01:57 (4008 turns).

qw the Cleaver (Gargoyle Fighter)                   Turns: 4008, Time: 00:01:58

Health: -6/49      AC: 18    Str: 23    XL:     8   Next: 25%
Magic:  8/8        EV:  7    Int:  8    God:
Gold:   153        SH:  4    Dex:  9    Spells: 7/7 levels left

rFire   . . .      SeeInvis .    Y - +3 war axe (venom)
rCold   . . .      Faith    .    c - +0 buckler
rNeg    + . .      Spirit   .    g - +0 chain mail
rPois   inf        Reflect  .    f - +1 helmet
rElec   +          Harm     .    (no cloak)
rCorr   .          Rampage  .    (no gloves)
Will    .....                    j - +0 pair of boots
Stlth   ..........               e - amulet of regeneration
HPRegen 0.96/turn                (no ring)
MPRegen 0.11/turn                (no ring)

@: about to teleport
A: sickness immunity, AC +5, negative energy resistance 1, electricity
resistance, torment resistance 1, petrification resistance
a: no special abilities


You were on level 6 of the Dungeon.
You visited 2 branches of the dungeon, and saw 7 of its levels.

You collected 153 gold pieces.


Innate Abilities, Weirdness & Mutations

You are immune to sickness and miasma.
Your stone body is resilient. (AC +5)
You are immune to poison.
You resist negative energy. (rN+)
You are resistant to electric shocks. (rElec)
You are resistant to unholy torment.
You are immune to petrification.


   Skills:
 - Level 5.0 Fighting
 - Level 8.0 Axes
 + Level 3.3 Armour
 - Level 1.1 Dodging
 - Level 3.2 Shields


You had 7 spell levels left.
You didn't know any spells.
Your spell library was empty.

Inventory:

Hand Weapons
 a - a +0 flail
 Y - a +3 war axe of venom (weapon)
Armour
 c - a +0 buckler (worn)
 f - a +1 helmet (worn)
 g - a +0 chain mail (worn)
 j - a +0 pair of boots (worn)
Jewellery
 e - an amulet of regeneration (around neck)
Scrolls
 i - a scroll of identify
Potions
 b - a potion of cancellation
 d - 3 potions of might
 l - a potion of curing
 n - a potion of attraction

Dungeon Overview and Level Annotations

Branches:
Dungeon (6/15)             Temple (1/1) D:5

Altars:
Ashenzari
Cheibriados
Dithmenos
Elyvilon
Fedhas
Gozag
Hepliaklqana
Makhleb
Nemelex Xobeh
Qazlal
Ru
Trog
Uskayaw
Vehumet
Xom
Yredelemnul
Zin
The Shining One

Shops:
D:1 [


Message History

The orc is wielding a +0 short sword and quivering silver boomerangs.
The orc warrior shouts!
The orc shouts!
The orc priest shouts!
The ogre shouts!
An orc wizard comes into view. It is wielding a +0 dagger.
An orc comes into view. It is wielding a +0 mace.
Enter note:
4000 ||| Stepping ~*~*~tactically~*~*~ (hiding).
The orc throws a silver boomerang.
The silver boomerang hits you but does no damage.
The orc wizard shouts!
You block the orc's attack.
You slash the orc priest!
The orc priest is poisoned.
The orc priest is almost dead.
You closely miss the orc. The orc closely misses you.
The orc priest barely misses you.
The orc warrior hits you but does no damage.
You hit the orc priest.
You kill the orc priest!
You hit the orc.
The orc is poisoned.
The orc hits you with a +0 short sword.
The orc warrior hits you from afar with a +0 glaive.
Your Axes skill increases to level 8!
4004 ||| Stepping ~*~*~tactically~*~*~ (hiding).
You slash the orc!
You kill the orc!
The orc warrior hits you but does no damage.
The ogre hits you with a +0 giant club.
The orc warrior hits you with a +0 glaive!
Items here: % ( ) [.
You barely miss the ogre. You hit the orc warrior.
The orc warrior is poisoned.
The orc warrior hits you but does no damage.
The ogre hits you with a +0 giant club!!
The orc warrior hits you with a +0 glaive!
The orc wizard mumbles some strange words.
The orc wizard flickers and vanishes!
Deactivating autopickup; reactivate with Ctrl-A.
4008 ||| READING scroll of teleportation.
As you read the scroll of teleportation, it crumbles to dust.
You feel strangely unstable. The ogre hits you with a +0 giant club!
You die...

#.####...###
#....#......
#.##.#......
#.#........#
#.#..#...#.# ##+###
#.#..#...#.# #.....
#.#..#..(..#
#.....######.####...###
#....O@................
#....o######........###
......o #........#..#
....... #.######.#..#
....... #...........#
....... ########.##.###
....... #.##....
....... #.######
#.......


You could see an orc warrior (very poisoned), an ogre and an orc.

Vanquished Creatures
  A sky beast (D:6)
  An ogre (D:5)
  2 necrophages
  2 wights (D:4)
  3 jellies
  4 orc priests
  3 hounds
  2 iguanas
  Robin (D:4)
  7 adders
  7 gnolls (D:5)
  A worm (D:5)
  2 dart slugs
  19 orcs
  10 ball pythons
  2 bats
  9 endoplasms
  5 giant cockroaches
  17 goblins
  12 hobgoblins
  6 jackals
  9 kobolds
  4 quokkas
  6 frilled lizards
  4 rats
139 creatures vanquished.

Vanquished Creatures (others)
  31 plants (D:3)
31 creatures vanquished.

Grand Total: 170 creatures vanquished

Notes
Turn   | Place    | Note
-------+----------+-------------------------------------------
     0 | D:1      | qw the Gargoyle Fighter began the quest for the Orb.
     0 | D:1      | Reached XP level 1. HP: 14/14 MP: 1/1
     0 | D:1      | 0 ||| qw: Version: 0.1.0-9-gbc19398
     0 | D:1      | 0 ||| qw: Game counter: 24
     0 | D:1      | 0 ||| qw: Always use a shield: true
     0 | D:1      | 0 ||| qw: God list: Okawaru
     0 | D:1      | 0 ||| qw: Allow faded altars: false
     0 | D:1      | 0 ||| qw: Do Orc after D:15 true
     0 | D:1      | 0 ||| qw: Do second Lair branch before Depths: true
     0 | D:1      | 0 ||| qw: Lair rune preference: random
     0 | D:1      | 0 ||| qw: Plans: Normal, Zot:1-4, God:TSO, Crypt, Tomb,
                  | Pan, Slime:5, Hells, Abyss, Orb
     0 | D:1      | 0 ||| PLANNING D:1-11
    33 | D:1      | Reached skill level 2 in Axes
   223 | D:1      | Found a faded altar of an unknown god.
   224 | D:1      | Noticed an eye of devastation
   226 | D:1      | Noticed an eye of devastation
   226 | D:1      | Noticed a golden eye
   226 | D:1      | Noticed a golden eye
   257 | D:1      | Found Feopnal's Armour Shoppe.
   266 | D:1      | Reached XP level 2. HP: 18/19 MP: 2/2
   272 | D:1      | 272 ||| SHOPLISTING +0 pair of boots (54 gold, have 0).
   272 | D:1      | 272 ||| SHOPLISTING +0 plate armour (276 gold, have 0).
   310 | D:1      | 310 ||| Stepping ~*~*~tactically~*~*~ (stealth).
   382 | D:1      | Reached skill level 3 in Axes
   507 | D:1      | 507 ||| Stepping ~*~*~tactically~*~*~ (stealth).
   520 | D:1      | Reached XP level 3. HP: 18/23 MP: 3/3
   939 | D:1      | 939 ||| UPGRADING to amulet of regeneration.
   944 | D:1      | 944 ||| DROPPING amulet of faith.
   945 | D:1      | 945 ||| READING scroll labelled DOURUF HESYOQU.
   948 | D:1      | 948 ||| READING scroll labelled AKHLE NOVOMYMO.
   949 | D:1      | 949 ||| READING scroll labelled DURO UBRACRE.
   949 | D:1      | Identified a scroll of acquirement
   949 | D:1      | 949 ||| ACQUIRING +2 war axe of venom
   949 | D:1      | Acquired a +2 war axe of venom
   951 | D:1      | 951 ||| SWAPPING to +2 war axe of venom.
   952 | D:1      | 952 ||| DROPPING +0 war axe.
  1053 | D:2      | 1053 ||| DROPPING +0 club.
  1280 | D:2      | Reached XP level 4. HP: 27/28 MP: 4/4
  1404 | D:2      | 1404 ||| READING scroll labelled PEIMAP IPOE.
  1405 | D:2      | 1405 ||| READING scroll labelled QIZUNUOTIE.
  1406 | D:2      | 1406 ||| READING scroll labelled GIERGHAXADO LURRE.
  1407 | D:2      | 1407 ||| DRINKING 2 brown potions.
  1420 | D:3      | 1420 ||| STAIRDANCE
  1425 | D:3      | 1425 ||| STAIRDANCE
  1435 | D:3      | Reached skill level 4 in Axes
  1436 | D:3      | Reached XP level 5. HP: 31/32 MP: 5/5
  1444 | D:3      | 1444 ||| DROPPING +0 whip.
  1455 | D:3      | 1455 ||| Stepping ~*~*~tactically~*~*~ (stealth).
  1459 | D:3      | 1459 ||| Stepping ~*~*~tactically~*~*~ (stealth).
  1483 | D:3      | Reached skill level 5 in Axes
  1863 | D:3      | 1863 ||| Stepping ~*~*~tactically~*~*~ (stealth).
  1867 | D:3      | Identified the +6 short sword of Disarray {vamp, Int+6
                  | SInv}
  1998 | D:3      | 1998 ||| Stepping ~*~*~tactically~*~*~ (stealth).
  2001 | D:3      | 2001 ||| Stepping ~*~*~tactically~*~*~ (stealth).
  2074 | D:3      | 2074 ||| Stepping ~*~*~tactically~*~*~ (stealth).
  2075 | D:3      | 2075 ||| Stepping ~*~*~tactically~*~*~ (stealth).
  2076 | D:3      | 2076 ||| Stepping ~*~*~tactically~*~*~ (stealth).
  2077 | D:3      | 2077 ||| Stepping ~*~*~tactically~*~*~ (stealth).
  2083 | D:3      | Reached skill level 1 in Dodging
  2083 | D:3      | Reached XP level 6. HP: 33/38 MP: 6/6
  2091 | D:3      | Found a snail-covered altar of Cheibriados.
  2179 | D:3      | 2179 ||| UPGRADING to +0 helmet.
  2184 | D:3      | 2184 ||| UPGRADING to +0 chain mail.
  2194 | D:3      | 2194 ||| DROPPING +0 scale mail.
  2195 | D:3      | 2195 ||| UPGRADING to +0 pair of boots.
  2200 | D:3      | 2200 ||| DROPPING ring of flight.
  2201 | D:3      | 2201 ||| READING 2 scrolls of identify.
  2201 | D:3      | 2201 ||| IDENTIFYING bubbling red potion
  2202 | D:3      | 2202 ||| DROPPING potion of degeneration.
  2237 | D:4      | 2237 ||| STAIRDANCE
  2313 | D:4      | 2313 ||| Stepping ~*~*~tactically~*~*~ (stealth).
  2336 | D:4      | 2336 ||| Stepping ~*~*~tactically~*~*~ (stealth).
  2366 | D:4      | 2366 ||| Stepping ~*~*~tactically~*~*~ (stealth).
  2372 | D:4      | 2372 ||| Stepping ~*~*~tactically~*~*~ (stealth).
  2375 | D:4      | 2375 ||| Stepping ~*~*~tactically~*~*~ (stealth).
  2380 | D:4      | Reached skill level 6 in Axes
  2407 | D:4      | 2407 ||| Stepping ~*~*~tactically~*~*~ (stealth).
  2425 | D:4      | 2425 ||| Stepping ~*~*~tactically~*~*~ (hiding).
  2426 | D:4      | 2426 ||| Stepping ~*~*~tactically~*~*~ (hiding).
  2443 | D:4      | 2443 ||| Stepping ~*~*~tactically~*~*~ (stealth).
  2444 | D:4      | Noticed Robin
  2445 | D:4      | 2445 ||| Stepping ~*~*~tactically~*~*~ (hiding).
  2453 | D:4      | Killed Robin
  2476 | D:4      | Found a shimmering altar of Xom.
  2480 | D:4      | Reached XP level 7. HP: 43/43 MP: 7/7
  2550 | D:4      | 2550 ||| Stepping ~*~*~tactically~*~*~ (stealth).
  2559 | D:4      | 2559 ||| Stepping ~*~*~tactically~*~*~ (stealth).
  2561 | D:4      | 2561 ||| Stepping ~*~*~tactically~*~*~ (stealth).
  2564 | D:4      | 2564 ||| Stepping ~*~*~tactically~*~*~ (stealth).
  2568 | D:4      | HP: 9/43 [wight/+6 spear of freezing (13)]
  2569 | D:4      | 2569 ||| READING 3 scrolls of teleportation.
  2573 | D:4      | HP: 7/43 [acid (4)]
  2574 | D:4      | 2574 ||| READING 2 scrolls of teleportation.
  2579 | D:4      | 2579 ||| FLEEEEING.
  2580 | D:4      | 2580 ||| FLEEEEING.
  2581 | D:4      | 2581 ||| FLEEEEING.
  2582 | D:4      | 2582 ||| FLEEEEING.
  2583 | D:4      | 2583 ||| FLEEEEING.
  2584 | D:4      | 2584 ||| FLEEEEING.
  2585 | D:4      | 2585 ||| FLEEEEING.
  2586 | D:4      | 2586 ||| STAIRDANCE
  2666 | D:4      | Found a sacrificial altar of Ru.
  2680 | D:4      | 2680 ||| READING scroll of enchant armour.
  2680 | D:4      | 2680 ||| ENCHANTING +0 helmet.
  2721 | D:4      | 2721 ||| Stepping ~*~*~tactically~*~*~ (stealth).
  2814 | D:4      | Found a stormy altar of Qazlal.
  2868 | D:4      | Identified the +1 robe of Glamorous Amelioration {rC+}
  2871 | D:4      | 2871 ||| READING scroll labelled VOGUZO YREPI.
  2872 | D:4      | 2872 ||| READING 3 scrolls of identify.
  2872 | D:4      | 2872 ||| IDENTIFYING murky black potion
  2873 | D:4      | 2873 ||| READING 2 scrolls of identify.
  2873 | D:4      | 2873 ||| IDENTIFYING dark potion
  2891 | D:5      | Entered Level 5 of the Dungeon
  2899 | D:5      | 2899 ||| Stepping ~*~*~tactically~*~*~ (hiding).
  2900 | D:5      | 2900 ||| Stepping ~*~*~tactically~*~*~ (hiding).
  2914 | D:5      | 2914 ||| FLEEEEING.
  2915 | D:5      | 2915 ||| FLEEEEING.
  2916 | D:5      | 2916 ||| STAIRDANCE
  2924 | D:5      | 2924 ||| STAIRDANCE
  2925 | D:5      | Reached skill level 7 in Axes
  3011 | D:5      | 3011 ||| Stepping ~*~*~tactically~*~*~ (stealth).
  3012 | D:5      | 3012 ||| Stepping ~*~*~tactically~*~*~ (stealth).
  3257 | D:5      | Found a staircase to the Ecumenical Temple.
  3258 | D:5      | 3258 ||| PLANNING TEMPLE
  3267 | Temple   | Entered the Ecumenical Temple
  3322 | Temple   | 3322 ||| PLANNING D:1-11
  3408 | D:5      | 3408 ||| Stepping ~*~*~tactically~*~*~ (stealth).
  3410 | D:5      | 3410 ||| Stepping ~*~*~tactically~*~*~ (hiding).
  3411 | D:5      | 3411 ||| Stepping ~*~*~tactically~*~*~ (hiding).
  3420 | D:5      | Reached XP level 8. HP: 29/49 MP: 8/8
  3438 | D:5      | 3438 ||| Stepping ~*~*~tactically~*~*~ (stealth).
  3439 | D:5      | 3439 ||| Stepping ~*~*~tactically~*~*~ (stealth).
  3851 | D:5      | 3851 ||| READING 3 scrolls labelled YZUN XASHEH.
  3852 | D:5      | 3852 ||| DROPPING 2 scrolls of blinking.
  4000 | D:6      | 4000 ||| Stepping ~*~*~tactically~*~*~ (hiding).
  4004 | D:6      | Reached skill level 8 in Axes
  4004 | D:6      | 4004 ||| Stepping ~*~*~tactically~*~*~ (hiding).
  4007 | D:6      | HP: 12/49 [ogre/+0 giant club (18)]
  4007 | D:6      | HP: 3/49 [orc warrior/+0 glaive (9)]
  4008 | D:6      | 4008 ||| READING scroll of teleportation.
  4008 | D:6      | Mangled by an ogre

Levels and vault maps discovered:
D:1:      minmay_arrival_five_plusses, layout_basic,
          hellmonk_ecumenical_altar_watching_god, serial_shops, shop,
          chequers_jeans
D:2:      layout_rooms
D:3:      layout_basic, lemuel_coloured_pillars_altar, serial_bayou,
          serial_bayou_ford_a, serial_bayou_crossing, serial_bayou_pond_b,
          serial_bayou_pond_b, serial_bayou_pond_e, serial_bayou_lagoon_a
D:4:      layout_cave_pools, general_overflow_altar, lemuel_round_altar,
          nicolae_ru_awakened_eye, uniq_robin
D:5:      layout_basic, minmay_temple_entry_tees
D:6:      layout_basic, uniq_blork_the_orc
Temple:   zaba_magenta_temple

Skill      XL: |  1  2  3  4  5  6  7  8 |
---------------+-------------------------+-----
Axes           | 2 3 4 5 6 7 8 |  8.0
Fighting       | 4 5 |  5.0
Dodging        | 1 |  1.1
Armour         | |  3.3
Shields        | |  3.2

Action                   |  1- 3 |  4- 6 |  7- 9 || total
-------------------------+-------+-------+-------++-------
Melee: War axe           |   113 |   132 |    88 ||   333
  Use: Scroll            |     3 |     4 |     8 ||    15
       Potion            |       |     1 |       ||     1
Armor: Scale mail        |    63 |    28 |       ||    91
       Chain mail        |       |    25 |    49 ||    74
Dodge: Dodged            |    44 |    44 |    31 ||   119
Block: Buckler           |    24 |    23 |    15 ||    62

Table legend:
 A = Non-vault XP
 B = Vault XP
 C = Vault XP percentage of total XP
 D = Non-vault monster count
 E = Vault monster count
 F = Vault count percentage of total count
                 A         B        C        D         E       F
            +---------+---------+-------+---------+---------+-------
      Total |    1450 |      49 |   3.3 |     120 |      19 |  13.7
            +---------+---------+-------+---------+---------+-------
        D:1 |      51 |       0 |   0.0 |      28 |       0 |   0.0
        D:2 |      38 |       0 |   0.0 |      15 |       0 |   0.0
        D:3 |     250 |      12 |   4.6 |      26 |       6 |  18.8
        D:4 |     452 |      37 |   7.6 |      30 |      13 |  30.2
        D:5 |     483 |       0 |   0.0 |      18 |       0 |   0.0
        D:6 |     176 |       0 |   0.0 |       3 |       0 |   0.0
            +---------+---------+-------+---------+---------+-------
